 Dungeon Crawl Stone Soup version 0.27-a0-1242-ge70438ac7b (webtiles) character file.

Game seed: 708526366856103969

78 Glokmah the Grasshopper (level 4, 0/38 HPs)
             Began as a Gnoll Warper on June 9, 2021.
             Killed by nerve-wracking pain
             ... invoked by an orc priest
              (14 damage)
             ... on level 3 of the Dungeon.
             The game lasted 00:04:20 (2643 turns).

Glokmah the Grasshopper (Gnoll Warper)              Turns: 2643, Time: 00:04:21

Health: 0/38       AC:  4    Str: 18    XL:     4   Next: 36%
Magic:  3/11       EV: 13    Int: 12    God:
Gold:   48         SH:  0    Dex: 11    Spells: 8/13 levels left

rFire    . . .     SeeInvis .   a - +2 flail (protect)
rCold    . . .     Faith    .   (no shield)
rNeg     . . .     Spirit   .   b - +0 leather armour
rPois    .         Reflect  .   (no helmet)
rElec    .         Harm     .   (no cloak)
rCorr    .         Rampage  .   (no gloves)
Will     .....                  h - +0 pair of boots
Stlth    +.........             (no amulet)
HPRegen  0.12/turn              n - +6 ring of strength
MPRegen  0.12/turn              (no ring)

@: no status effects
A: fangs 1, strong nose, distributed training
a: no special abilities


You were on level 3 of the Dungeon.
You visited 1 branch of the dungeon, and saw 3 of its levels.

You collected 48 gold pieces.

Inventory:

Hand Weapons
 a - a +2 flail of protection (weapon)
 f - a +0 spear
Missiles
 e - 5 boomerangs of dispersal
 g - 59 stones (quivered)
Armour
 b - a +0 leather armour (worn)
 h - a +0 pair of boots (worn)
Jewellery
 n - a +6 ring of strength (left hand)
Scrolls
 c - 4 scrolls of identify {unknown}
 d - a scroll of blinking
 j - a scroll of amnesia {unknown}
 o - a scroll of silence {unknown}
Potions
 i - 3 potions of might {unknown}
 k - a potion of brilliance {unknown}
 l - a potion of flight {unknown}
 m - 2 potions of heal wounds {unknown}
 p - a potion of curing {unknown}


   Skills:
 + Level 4.6 Fighting
 + Level 1.1 Short Blades
 + Level 1.1 Long Blades
 + Level 1.1 Axes
 + Level 1.1 Maces & Flails
 + Level 4.6 Polearms
 + Level 1.1 Staves
 + Level 1.1 Slings
 + Level 1.1 Bows
 + Level 1.1 Crossbows
 + Level 2.7 Throwing
 + Level 2.7 Armour
 + Level 4.6 Dodging
 + Level 1.1 Stealth
 + Level 1.1 Shields
 + Level 1.1 Unarmed Combat
 + Level 5.0 Spellcasting
 + Level 0.8 Conjurations
 + Level 0.8 Hexes
 + Level 0.8 Summonings
 + Level 0.8 Necromancy
 + Level 5.4 Translocations
 + Level 0.8 Transmutations
 + Level 0.8 Fire Magic
 + Level 0.8 Ice Magic
 + Level 0.8 Air Magic
 + Level 0.8 Earth Magic
 + Level 0.8 Poison Magic
 + Level 1.2 Invocations
 + Level 1.1 Evocations


You had 8 spell levels left.
You knew the following spells:

 Your Spells              Type           Power      Damage    Failure   Level
a - Blink                 Tloc           N/A        N/A       3%          2
b - Gell's Gravitas       Tloc           8%         N/A       8%          3

Your spell library contained the following spells:

 Spells                   Type           Power      Damage    Failure   Level
 Lesser Beckoning         Tloc           8%         N/A       8%          3
 Teleport Other           Tloc           16%        N/A       8%          3
 Manifold Assault         Tloc           16%        N/A       56%         5


Dungeon Overview and Level Annotations

Branches:
Dungeon (3/15)

Altars:


Innate Abilities, Weirdness & Mutations

You have very sharp teeth.
Your uncanny sense of smell can sniff out nearby items.
Your experience applies equally to all skills.


Message History

Aiming: Gell's Gravitas (dangerous; 8% risk of failure)
Press: ? - help, Dir - move target Gravity reorients around empty space.
The orc wizard gestures wildly while chanting.
The orc wizard flickers and vanishes!
Deactivating autopickup; reactivate with Ctrl-A.
Casting: Gell's Gravitas (dangerous; 8% risk of failure)
Confirm with . or Enter, or press ? or * to list all spells.
Aiming: Gell's Gravitas (dangerous; 8% risk of failure)
Press: ? - help, Dir - move target, f - orc priest
Aim: an orc priest, wielding a +0 short sword and wearing a +0 scale mail Gravity reorients around the orc priest.
Casting: Gell's Gravitas (dangerous; 8% risk of failure)
Confirm with . or Enter, or press ? or * to list all spells.
You don't have enough magic to cast this spell.
The orc priest barely misses you.
You hit the orc priest but do no damage.
Your weapon exudes an aura of protection.
The orc priest looks encouraged for a moment.
Something hits you but does no damage.
You hit the orc priest but do no damage.
The orc priest hits you but does no damage.
Something hits you but does no damage.
The orc priest invokes the aid of Beogh against you.
You barely resist.
Your leather armour prevents you from hitting the orc priest.
You hear some strange, mumbled words.
Something tries to affect you, but you resist.
The orc priest hits you but does no damage.
You hear some strange, mumbled words.
A puff of flame appears from out of thin air!
The puff of flame hits you but does no damage.
Your magical contamination has completely faded away.
You barely miss the orc priest. Your bite misses the orc priest.
The orc priest barely misses you. Something hits you but does no damage.
The orc priest barely misses you.
You barely miss the orc priest. Something hits you.
The orc priest mumbles some strange prayers to Beogh against you.
Pain shoots through your body!
You die...

.........# ........##
.........### #######
...........# ##.....#
...........# #......#
...........####......#
..............(......#
...............#..####
...............#@##
...#.##........{o#
.###.##.........## #
#.........#
#.........#
#.........# ..###....
. #.##. # #.


o You could see an orc priest.

Vanquished Creatures
  2 adders
  A gnoll (D:1)
  2 worms
  A dart slug (D:2)
  2 endoplasms
  2 giant cockroaches
  6 goblins
  2 hobgoblins (D:1)
  2 quokkas (D:1)
  A ball python (D:1)
  4 bats
  2 frilled lizards
  8 kobolds
  10 rats
45 creatures vanquished.

Notes
Turn   | Place    | Note
-------+----------+-------------------------------------------
     0 | D:1      | Glokmah the Gnoll Warper began the quest for the Orb.
     0 | D:1      | Reached XP level 1. HP: 20/20 MP: 6/6
     7 | D:1      | Noticed a dwarf
     9 | D:1      | Noticed an elf
    11 | D:1      | Noticed a dwarf
    11 | D:1      | Noticed a vampire
    13 | D:1      | Noticed a ghoul
    13 | D:1      | Noticed a draconian
    15 | D:1      | Noticed a gargoyle
    15 | D:1      | Noticed a felid
    15 | D:1      | Noticed a spriggan
    17 | D:1      | Noticed a draconian
    17 | D:1      | Noticed a draconian
    17 | D:1      | Noticed an elf
    19 | D:1      | Noticed a draconian
    19 | D:1      | Noticed a vine stalker
    21 | D:1      | Noticed a draconian
    34 | D:1      | Reached XP level 2. HP: 18/26 MP: 7/7
   640 | D:1      | Reached XP level 3. HP: 23/31 MP: 9/9
   643 | D:1      | Learned a level 2 spell: Blink
   741 | D:1      | Reached skill level 5 in Spellcasting
  1166 | D:1      | You fall into a shaft and drop 1 floor!
  1257 | D:2      | Found a faded altar of an unknown god.
  1263 | D:2      | Reached skill level 1 in Invocations
  1919 | D:2      | Learned a level 3 spell: Gell's Gravitas
  2042 | D:2      | Reached skill level 1 in Short Blades
  2042 | D:2      | Reached skill level 1 in Long Blades
  2042 | D:2      | Reached skill level 1 in Axes
  2042 | D:2      | Reached skill level 1 in Maces & Flails
  2042 | D:2      | Reached skill level 1 in Staves
  2042 | D:2      | Reached skill level 1 in Slings
  2042 | D:2      | Reached skill level 1 in Bows
  2042 | D:2      | Reached skill level 1 in Crossbows
  2042 | D:2      | Reached skill level 1 in Stealth
  2042 | D:2      | Reached skill level 1 in Shields
  2042 | D:2      | Reached skill level 1 in Unarmed Combat
  2042 | D:2      | Reached skill level 1 in Evocations
  2272 | D:2      | Reached XP level 4. HP: 20/38 MP: 2/11
  2643 | D:3      | Killed from afar by an orc priest

Illustrated notes

Levels and vault maps discovered:
D:1:      shiori_arrival_whats_in_store_for_you, layout_loops_corners,
          minmay_misc_feat_more_columns
D:2:      layout_basic, ebering_ecumenical_altar_sacrificial
D:3:      layout_rooms, uniq_terence

Skill      XL: |  1  2  3 |
---------------+----------+-----
Spellcasting   | 5 |  5.0
Invocations    | 1 |  1.2
Short Blades   | 1 |  1.1
Long Blades    | 1 |  1.1
Axes           | 1 |  1.1
Maces & Flails | 1 |  1.1
Staves         | 1 |  1.1
Slings         | 1 |  1.1
Bows           | 1 |  1.1
Crossbows      | 1 |  1.1
Stealth        | 1 |  1.1
Shields        | 1 |  1.1
Unarmed Combat | 1 |  1.1
Evocations     | 1 |  1.1
Fighting       | |  4.6
Polearms       | |  4.6
Throwing       | |  2.7
Armour         | |  2.7
Dodging        | |  4.6
Conjurations   | |  0.8
Hexes          | |  0.8
Summonings     | |  0.8
Necromancy     | |  0.8
Translocations | |  5.4
Transmutations | |  0.8
Fire Magic     | |  0.8
Ice Magic      | |  0.8
Air Magic      | |  0.8
Earth Magic    | |  0.8
Poison Magic   | |  0.8

Action                   |  1- 3 |  4- 6 || total
-------------------------+-------+-------++-------
Melee: Spear             |    14 |       ||    14
       Flail             |   107 |    27 ||   134
       Bite              |    10 |     3 ||    13
Throw: Stone             |     8 |       ||     8
 Cast: Gell's Gravitas   |     4 |     5 ||     9
       Blink             |     1 |       ||     1
Armor: Leather armour    |    38 |    15 ||    53
Dodge: Dodged            |    92 |    21 ||   113

Table legend: (Time is in decaauts)
 A = Elapsed time spent in this place.
 B = Non-inter-level travel time spent in this place.
 C = Inter-level travel time spent in this place.
 D = Time resting spent in this place.
 E = Time spent auto-exploring this place.
 F = Levels seen in this place.
 G = Mean time per level.
                   A        B        C        D        E       F      G
               +--------+--------+--------+--------+--------+-----+--------+
         Total |   2694 |   2503 |    191 |    557 |   1425 |   3 |  898.0 |
       Dungeon |   2694 |   2503 |    191 |    557 |   1425 |   3 |  898.0 |
               +--------+--------+--------+--------+--------+-----+--------+

Top non-repeatable levels by time:
     D:1: 1400 daAuts
     D:2: 1125 daAuts
     D:3: 167 daAuts
